 Dungeon Crawl Stone Soup version 0.29-a0-414-g5075937ec3 (webtiles) character file.

Game seed: 6553505531473226546

876 chopper the Chopper (level 7, -14/61 HPs)
             Began as a Minotaur Fighter on May 16, 2022.
             Was an Initiate of Nemelex Xobeh.
             Killed from afar by Maggie (26 damage)
             ... with a bolt of fire
             ... on level 6 of the Dungeon.
             The game lasted 00:26:30 (5706 turns).

chopper the Chopper (Minotaur Fighter)              Turns: 5706, Time: 00:26:30

Health: -14/61     AC: 16    Str: 22    XL:     7   Next: 74%
Magic:  6/6        EV: 10    Int: 11    God:    Nemelex Xobeh [......]
Gold:   334        SH:  9    Dex:  6    Spells: 6/6 levels left

rFire   . . .      SeeInvis .   a - +0 war axe
rCold   . . .      Faith    .   c - +0 buckler
rNeg    . . .      Spirit   .   C - +7 ring mail of Divine Intervention {Int+6 Dex-4 Stlth+}
rPois   .          Reflect  +   I - +1 hat
rElec   .          Harm     .   j - +0 cloak
rCorr   .          Rampage  .   F - +0 pair of gloves
Will    .....                   (no boots)
Stlth   +.........              i - amulet of reflection
HPRegen 0.20/turn               (no ring)
MPRegen 0.10/turn               (no ring)

@: mesmerised
A: horns 2, retaliatory headbutt
a: Renounce Religion, Draw Escape, Draw Destruction, Draw Summoning


You were on level 6 of the Dungeon.
You worshipped Nemelex Xobeh.
Nemelex Xobeh was noncommittal.
You visited 1 branch of the dungeon, and saw 6 of its levels.

You collected 334 gold pieces.

Inventory:

Hand Weapons
 a - a +0 war axe (weapon)
 w - the +1 dagger of the Moon {vorpal, Str+4 Int+2}
   (You found it on level 2 of the Dungeon)

   It inflicts extra damage upon your enemies.
   Str:       It affects your strength (+4).
   Int:       It affects your intelligence (+2).
 H - a +0 antimagic scythe
Missiles
 k - 2 javelins (quivered)
Armour
 c - a +0 buckler (worn)
 j - a +0 cloak (worn)
 C - the +7 ring mail of Divine Intervention (worn) {Int+6 Dex-4 Stlth+}
   (You found it on level 4 of the Dungeon)

   Int:       It affects your intelligence (+6).
   Dex:       It affects your dexterity (-4).
   Stlth:     It makes you more stealthy.
 F - a +0 pair of gloves (worn)
 I - a +1 hat (worn)
Jewellery
 i - an amulet of reflection (around neck)
Wands
 s - a wand of paralysis (3)
 v - a wand of polymorph (2)
Scrolls
 e - a scroll of amnesia {unknown}
 n - 2 scrolls of fog
 o - 4 scrolls of fear
 p - a scroll of noise {unknown}
 r - 2 scrolls of enchant armour {unknown}
 t - a scroll of poison {unknown}
 u - a scroll of magic mapping {unknown}
 y - 2 scrolls of immolation
 B - 4 scrolls of teleportation
 D - 2 scrolls of silence {unknown}
 E - a scroll of torment {unknown}
Potions
 b - 2 potions of attraction {unknown}
 d - 2 potions of might
 f - a potion of brilliance {unknown}
 g - a potion of cancellation
 h - a potion of invisibility {unknown}
 l - 2 potions of curing {unknown}
 m - a potion of mutation {unknown}
 q - a potion of haste {unknown}
 x - a potion of flight {unknown}
 z - a potion of heal wounds {unknown}
 A - 2 potions of lignification {unknown}
 G - a potion of magic {unknown}


   Skills:
 + Level 5.0 Fighting
 + Level 7.0 Axes
 + Level 5.9 Armour
 + Level 1.7 Dodging
 + Level 0.8 Stealth
 + Level 6.1 Shields
 + Level 0.2 Evocations


You had 6 spell levels left.
You didn't know any spells.
Your spell library contained the following spells:

 Spells                   Type           Power      Damage    Failure   Level
 Magic Dart               Conj           0%         1d3       56%         1
 Call Imp                 Summ           0%         N/A       71%         2
 Static Discharge         Conj/Air       0%         N/A       71%         2
 Mephitic Cloud           Conj/Pois/Air  0%         N/A       91%         3
 Tukima's Dance           Hex            0%         N/A       91%         3
 Anguish                  Hex/Necr       0%         N/A       100%        4
 Lightning Bolt           Conj/Air       0%         1d11      100%        5
 Enfeeble                 Hex            0%         N/A       100%        7
 Maxwell's Capacitive Co  Air            0%         ∞         100%        8


Dungeon Overview and Level Annotations

Branches:
Dungeon (6/15)
 Temple: D:4-7

Altars:
Nemelex Xobeh
Okawaru

Annotations:
D:6 Maggie


Innate Abilities, Weirdness & Mutations

You have a pair of horns on your head.
You reflexively headbutt those who attack you in melee.


Message History

You closely miss Maggie. You headbutt Maggie!
Maggie is severely wounded.
Maggie hits you with a +0 morningstar.
You completely miss Maggie.
Maggie is severely wounded.
Maggie mumbles some strange words.
Maggie draws you further into her thrall.
You closely miss Maggie.
Maggie is severely wounded.
You block Maggie's attack. Maggie hits you but does no damage.
You hit Maggie.
Maggie is severely wounded.
Maggie closely misses you.
You barely miss Maggie. You headbutt Maggie.
Maggie is severely wounded.
Maggie mumbles the words to a spell, but in the wrong order.
Maggie hits you with a +0 morningstar.
You closely miss Maggie.
Maggie is severely wounded.
Maggie barely misses you. You furiously retaliate!
You headbutt Maggie, but do no damage. You hit Maggie but do no damage.
Maggie is severely wounded.
Maggie points at you and mumbles some strange words.
The bolt of fire hits you.
You barely miss Maggie.
Maggie is severely wounded.
Maggie hits you but does no damage.
You barely miss Maggie. Your headbutt misses Maggie.
Maggie is severely wounded.
You block Maggie's attack.
Maggie points at you and mumbles some strange words.
The bolt of fire hits you!!
* * * LOW HITPOINT WARNING * * *
You hit Maggie.
Maggie is almost dead.
Maggie gestures at you while chanting. The bolt of fire hits you!!
You die...
Your body disappears without a glow.

...# ################.
.#.#######
#................
##.......#
#..##.##..######.
.........# #..##@##.@#
#######..#### #..##.##..#
......#.....# #..##.##..#
......#..##.# #.........#
......#...#.# #.@##.#...#
.._.....#.#.# #@........#
......#...#.# #.###.#.###
......#.....####.###....#
......#...................
#######...######.####...###
.............# #.# .. #
...###.....#.# #.. ####
#####...# #### # ##.##


You could see Maggie (mesmerising).

Vanquished Creatures
  Sigmund (D:5)
  A warg (D:4)
  2 ogres (D:5)
  A necrophage (D:6)
  A scorpion (D:5)
  3 jellies
  Ijyb (D:2)
  An iguana (D:5)
  9 adders
  A shadow imp (D:5)
  5 dart slugs
  6 orcs
  4 ball pythons
  4 bats
  5 endoplasms
  3 giant cockroaches
  15 goblins
  10 hobgoblins
  2 quokkas (D:3)
  4 frilled lizards
  3 kobolds
  5 rats
87 creatures vanquished.

Vanquished Creatures (others)
  A plant (D:1)
1 creature vanquished.

Grand Total: 88 creatures vanquished

Notes
Turn   | Place    | Note
-------+----------+-------------------------------------------
     0 | D:1      | chopper the Minotaur Fighter began the quest for the Orb.
     0 | D:1      | Reached XP level 1. HP: 19/19 MP: 0/0
   177 | D:1      | Reached XP level 2. HP: 27/27 MP: 1/1
   813 | D:2      | Noticed Ijyb
   833 | D:2      | Paralysed by Ijyb for 3 turns
   837 | D:2      | Killed Ijyb
   838 | D:2      | Reached skill level 3 in Axes
   838 | D:2      | Reached XP level 3. HP: 18/33 MP: 2/2
  1061 | D:2      | Reached XP level 4. HP: 30/40 MP: 3/3
  1919 | D:2      | Identified the +1 dagger of the Moon {vorpal, Str+4 Int+2}
  2247 | D:3      | Found a faded altar of an unknown god.
  2263 | D:3      | Noticed an ogre
  2265 | D:3      | an ogre changed into a jelly
  2833 | D:3      | Reached skill level 4 in Axes
  2833 | D:3      | Reached XP level 5. HP: 46/46 MP: 4/4
  3212 | D:4      | Noticed an ogre
  3215 | D:4      | Noticed a warg
  3215 | D:4      | an ogre changed into a warg
  3222 | D:4      | Killed a warg
  3223 | D:4      | Reached skill level 5 in Armour
  3223 | D:4      | Reached skill level 5 in Shields
  3223 | D:4      | Reached XP level 6. HP: 24/53 MP: 5/5
  3406 | D:4      | Reached skill level 5 in Axes
  3491 | D:4      | Found an iron altar of Okawaru.
  3579 | D:4      | Identified the +7 ring mail of Divine Intervention {Int+6
                  | Dex-4 Stlth+}
  4144 | D:5      | Entered Level 5 of the Dungeon
  4224 | D:5      | Noticed Sigmund
  4256 | D:5      | Killed Sigmund
  4257 | D:5      | Reached skill level 6 in Axes
  4257 | D:5      | Reached skill level 1 in Dodging
  4257 | D:5      | Reached XP level 7. HP: 37/60 MP: 1/6
  5414 | D:6      | Reached skill level 5 in Fighting
  5414 | D:6      | Reached skill level 7 in Axes
  5594 | D:6      | Found a sparkling altar of Nemelex Xobeh.
  5639 | D:6      | Became a worshipper of Nemelex Xobeh the Trickster
  5672 | D:6      | Noticed Maggie
  5706 | D:6      | Killed from afar by Maggie

Illustrated notes

Levels and vault maps discovered:
D:1:      lemuel_arrival_behind_the_door_small, layout_rooms,
          serial_bayou_ford_a
D:2:      kennysheep_the_goblin_king, layout_basic, minmay_bisected
D:3:      layout_basic, ebering_ecumenical_altar_petrified,
          mrwooster_statue_mirror, roderic_malta_cross, corexii_hall_statues_l,
          fountainhead, hex_tiny, grunt_ministairs_9, minmay_quantized
D:4:      layout_loops_ring, amcnicky_altar_gilded
D:5:      layout_layer_cave, uniq_sigmund
D:6:      layout_loops_corners, lemuel_tele_altar, uniq_menkaure, uniq_maggie,
          uniq_duvessa, uniq_grinder

Skill      XL: |  1  2  3  4  5  6  7 |
---------------+----------------------+-----
Armour         | 4 5 |  5.9
Shields        | 4 5 6 |  6.1
Fighting       | 4 5 |  5.0
Axes           | 3 4 6 7 |  7.0
Dodging        | 1 |  1.7
Stealth        | |  0.8
Evocations     | |  0.2

Action                   |  1- 3 |  4- 6 |  7- 9 || total
-------------------------+-------+-------+-------++-------
Melee: War axe           |    85 |   114 |    57 ||   256
       Headbutt          |     9 |    22 |     5 ||    36
Evoke: Wand              |       |     2 |       ||     2
  Use: Scroll            |       |     5 |       ||     5
       Potion            |       |     1 |     1 ||     2
Armor: Scale mail        |    42 |    38 |       ||    80
       Ring mail         |       |    27 |    14 ||    41
Dodge: Dodged            |    40 |    50 |    19 ||   109
Block: Buckler           |    39 |    58 |    22 ||   119

Table legend: (Time is in decaauts)
 A = Elapsed time spent in this place.
 B = Non-inter-level travel time spent in this place.
 C = Inter-level travel time spent in this place.
 D = Time resting spent in this place.
 E = Time spent auto-exploring this place.
 F = Levels seen in this place.
 G = Mean time per level.
                   A        B        C        D        E       F      G
               +--------+--------+--------+--------+--------+-----+--------+
         Total |   5787 |   5787 |      0 |    429 |      0 |   6 |  964.5 |
       Dungeon |   5787 |   5787 |      0 |    429 |      0 |   6 |  964.5 |
               +--------+--------+--------+--------+--------+-----+--------+

Top non-repeatable levels by time:
     D:2: 1393 daAuts
     D:5: 1269 daAuts
     D:3: 1140 daAuts
     D:4: 1032 daAuts
     D:1: 643 daAuts
     D:6: 306 daAuts
